 Dungeon Crawl Stone Soup version 0.14.0-12-g87ee3b7 (webtiles) character file.

9 Bloax the Insei (level 1, 0/9 HPs)
             Began as a Vine Stalker Transmuter on Apr 15, 2014.
             Slain by an ooze (2 damage)
             ... on Level 1 of the Dungeon.
             The game lasted 00:00:48 (59 turns).

Bloax the Insei (Vine Stalker Transmuter)             Turns: 59, Time: 00:00:48

HP   0/9         AC  2     Str 12      XL: 1   Next: 30%
MP   0/3         EV 12     Int 13      God:
Gold 7           SH  0     Dex 14      Spells:  1 memorised,  3 levels left

rFire  . . .     SeeInvis .       - Unarmed
rCold  . . .     Clarity  .     c - +0 robe
rNeg   . . .     Conserve .     (no shield)
rPois  .         rCorr    .     (no helmet)
rElec  .         rRot     +     (no cloak)
SustAb . .       Spirit   +     (no gloves)
rMut   .         Warding  .     (no boots)
Saprov . . .     Stasis   .     (no amulet)
MR     .....                    (no ring)
                                (no ring)

@: not resistant to hostile enchantments, unstealthy
A: fangs 2, regeneration 1, magic shield, antimagic bite, no device heal
a: no special abilities


You were on level 1 of the Dungeon.
You were not hungry.

You visited 1 branch of the dungeon, and saw 1 of its levels.

You collected 7 gold pieces.


Innate Abilities, Weirdness & Mutations

You are immune to rotting.
You have extremely sharp teeth.
Your natural rate of healing is unusually fast.
When hurt, damage is shared between your health and your magic reserves.
Your bite disrupts and absorbs the magic of your enemies.
Potions and wands cannot restore your HP.


   Skills:
 - Level 0.8 Fighting
 - Level 1.5 Dodging
 * Level 3.0 Unarmed Combat
 + Level 2.3 Spellcasting
 - Level 2.0 Transmutations


You had 3 spell levels left.
You knew the following spells:

 Your Spells              Type           Power        Failure   Level  Hunger
a - Beastly Appendage     Trmt           #.....       12%         1    #......


Dungeon Overview and Level Annotations

Branches:
Dungeon (1/15)

Altars:

Inventory:

Missiles
 b - 12 arrows
Armour
 c - a +0 robe (worn)
 e - a +0 scale mail
   (You found it on level 1 of the Dungeon)
Comestibles
 a - 2 bread rations
Books
 d - a book of Changes

   Spells                             Type                      Level
   *Beastly Appendage                 Transmutation                1
   Sticks to Snakes                   Transmutation                2
   Spider Form                        Transmutation/Poison         3
   Ice Form                           Ice/Transmutation            4
   Blade Hands                        Transmutation                5

. ... .... #..#.#
#..... ######
##.....####.bg@#
.........h...Jb#
............$.Kg#
....#.#.########
....##.#.####
#....K...#######
.##.....%..#......h
...................h
...........#..h.%.h


You could see an ooze, a jackal, 2 hobgoblins, 2 bats and a kobold.


Message History

Your transformation is almost over.
The bat hits you but does no damage. The bat closely misses you.
The bat closely misses you. The jackal barely misses you.
Unknown command.
The bat hits you but does no damage. x2
Unknown command.
Unknown command.
You closely miss the jackal. The bat hits you but does no damage.
The jackal barely misses you.
Unknown command.
Unknown command.
You barely miss the jackal. You claw the jackal, but do no damage.
You bite the jackal. You drain its power.
You feel invigorated.
The jackal is severely wounded.
The jackal bites you but does no damage.
The bat barely misses you. The bat closely misses you.
The jackal barely misses you.
Unknown command.
Unknown command.
You barely miss the jackal. You claw the jackal.
You kill the jackal!
The bat misses you. The bat hits you but does no damage.
The bat barely misses you.
Unknown command.
Unknown command.
You barely miss the ooze. You claw the ooze, but do no damage.
You punch the ooze.
The ooze is lightly wounded.
The bat barely misses you. The bat closely misses you.
The bat closely misses you. The bat hits you but does no damage.
The bat hits you. The ooze hits you but does no damage.
Unknown command.
Unknown command.
You hit the ooze but do no damage. You bite the ooze. You drain its power.
You feel invigorated.
The ooze is lightly wounded.
The bat hits you but does no damage. x2
The bat hits you.
* * * LOW HITPOINT WARNING * * *
Unknown command.
Unknown command.
You hit the ooze. You claw the ooze, but do no damage.
The ooze is lightly wounded.
The bat hits you but does no damage. The bat closely misses you.
The ooze hits you.
* * * LOW HITPOINT WARNING * * *
Unknown command.
Unknown command.
You hit the ooze but do no damage. You claw the ooze.
The ooze is moderately wounded.
Your talons disappear.
The bat hits you but does no damage. The ooze hits you.
* * * LOW HITPOINT WARNING * * *
Unknown command.
Unknown command.
You hit the ooze.
The ooze is moderately wounded.
The bat misses you. The bat closely misses you. The hobgoblin misses you.
Unknown command.
Unknown command.
You hit the ooze. You punch the ooze.
The ooze is heavily wounded.
The bat closely misses you. The bat hits you but does no damage.
The ooze hits you but does no damage. The hobgoblin barely misses you.
Unknown command.
Unknown command.
You hit the ooze. You punch the ooze. You bite the ooze, but do no damage.
The ooze is severely wounded.
The bat hits you but does no damage. The ooze hits you.
You die...

Action                   || total
-------------------------++-------
Melee: Unarmed           ||    12
 Cast: Beastly Appendage ||     1

Vault maps used:
D:1:      sevenhm_arrival_forest_fort_small_5, minivault_24

Notes
Turn   | Place    | Note
--------------------------------------------------------------
     0 | D:1      | Bloax, the Vine Stalker Transmuter, began the quest for the Orb.
     0 | D:1      | Reached XP level 1. HP: 9/9 MP: 3/3
    41 | D:1      | jesus christ
    41 | D:1      | give me some peace
    56 | D:1      | HP: 1/9 [ooze (2)]
    59 | D:1      | Slain by an ooze

Vanquished Creatures
  A jackal (D:1)
  A rat (D:1)
2 creatures vanquished.
